 Dungeon Crawl Stone Soup version 0.27-a0-1324-ge0d8e047f6 (webtiles) character file.

Game seed: 547432738517592050

2333 27snakeeyes612 the Sneak (level 9, -2/62 HPs)
             Began as an Octopode Fighter on June 23, 2021.
             Was a Believer of Trog.
             Slain by a komodo dragon (25 damage)
             ... while paralysed
             ... on level 6 of the Dungeon.
             The game lasted 00:05:01 (6489 turns).

27snakeeyes612 the Sneak (Octopode Fighter)         Turns: 6489, Time: 00:05:03

Health: -2/62      AC:  1    Str: 18    XL:     9   Next: 42%
Magic:  9/9        EV:  2    Int: 10    God:    Trog [**....]
Gold:   354        SH:  0    Dex: 12    Spells: 8/8 levels left

rFire    . . .     SeeInvis .   a - +0 war axe (vorpal)
rCold    + . .     Faith    .   b - +0 kite shield
rNeg     . . .     Spirit   .   (helmet restricted)
rPois    .         Reflect  +   m - amulet of reflection
rElec    .         Harm     .   l - ring of protection from cold
rCorr    .         Rampage  .   (no ring)
Will     .....                  (no ring)
Stlth    ++++......             (no ring)
HPRegen  0.20/turn              (no ring)
MPRegen  0.11/turn              (no ring)
                                (no ring)
                                (no ring)

@: paralysed, on berserk cooldown, slowed
A: almost no armour, amphibious, 8 rings, camouflage 1, gelatinous body 1,
(nimble swimmer 1), tentacles
a: Renounce Religion, Berserk, Trog's Hand


You were on level 6 of the Dungeon.
You worshipped Trog.
Trog was pleased with you.
You visited 1 branch of the dungeon, and saw 6 of its levels.

You collected 354 gold pieces.

Inventory:

Hand Weapons
 a - a +0 vorpal war axe (weapon)
 n - a +0 whip of flaming
Missiles
 o - 3 throwing nets (quivered)
Armour
 b - a +0 kite shield (worn)
Jewellery
 l - a ring of protection from cold (left tentacle)
 m - an amulet of reflection (around mantle)
Wands
 f - a wand of iceblast (9)
 q - a wand of flame (15)
 t - a wand of charming (8)
Scrolls
 h - a scroll of amnesia
 p - 2 scrolls of teleportation
 s - a scroll of enchant weapon {unknown}
 v - a scroll of vulnerability {unknown}
Potions
 c - a potion of might
 d - a potion of mutation
 e - a potion of curing
 g - 7 potions of heal wounds
 i - a potion of ambrosia {unknown}
 j - a potion of cancellation {unknown}
 k - 2 potions of brilliance {unknown}
 r - a potion of attraction {unknown}
 u - a potion of resistance {unknown}
 w - a potion of berserk rage {unknown}


   Skills:
 + Level 6.2 Fighting
 + Level 5.8 Axes
 + Level 6.3 Dodging
 + Level 7.5 Stealth
 + Level 6.3 Shields


You had 8 spell levels left.
You didn't know any spells.
Your spell library was empty.

Dungeon Overview and Level Annotations

Branches:
Dungeon (6/15)             Temple (0/1) D:4

Altars:
Cheibriados
Fedhas
Gozag
Trog
Wu Jian
Xom

Shops:
D:4 (!

Annotations:
D:2 1 runed translucent door, Crazy Yiuf
D:6 1 runed translucent door, Gilette's ghost, novice HOMo


Innate Abilities, Weirdness & Mutations

You cannot wear most types of armour.
You are amphibious.
You can wear up to eight rings at the same time.
Your skin changes colour to match your surroundings (Stealth+).
Your rubbery body absorbs attacks. (AC +1, EV +1)
((You are camouflaged near water. (Stealth+)))
You have tentacles for arms and can constrict up to eight enemies at once.


Message History

The troll bites you but does no damage. The troll claws you.
You block the troll's attack.
You barely miss the troll. Your squeeze misses the troll.
The troll is severely wounded.
The troll closely misses you. You block the troll's attack.
The troll claws you.
You barely miss the troll.
The troll is severely wounded.
The troll barely misses you. You block the troll's attack.
The troll misses you.
You hit the troll.
The troll is severely wounded.
The troll closely misses you. You block the troll's attack.
The troll barely misses you.
You barely miss the troll. Your squeeze misses the troll.
The troll is severely wounded.
You block the troll's attack. x3
Unknown command.
You slice the troll!!
You kill the troll!
Trog accepts your kill. The steam dragon breathes steam at you.
The ball of steam misses you.
You slash the steam dragon!
The steam dragon is moderately wounded.
You are engulfed in a cloud of scalding steam.
You block the steam dragon's attack. The steam dragon claws you.
You closely miss the steam dragon. You squeeze the steam dragon!
The steam dragon is severely wounded.
You hit the steam dragon.
You kill the steam dragon!
Trog accepts your kill.
You feel a strong urge to attack something.
There is an open door here.
You are no longer berserk.
You pass out from exhaustion.
You feel yourself slow down.
The komodo dragon is engulfed in a cloud of scalding steam.
The komodo dragon bites you!!
You die...

#####.............# #
...#.......######.######
#..........# #.#.....
#[.......# #...###.
##.....#.# ##### #.
##...##.# ##. ##.###.#
#.. ##.# #.# ### #.@#
#.# #W ##l## #.# ##
#8.####.# # +..'..#
#.†#8..# #.####
#######.# #..... #). (.
# #####. .### ###
.########. #.. .l
..........


You could see a komodo dragon.

Vanquished Creatures
  2 trolls (D:6)
  Eustachio (D:5)
  A steam dragon (D:6)
  A black bear (D:5)
  4 necrophages
  An ogre (D:6)
  3 phantoms
  3 bullfrogs (D:6)
  A scorpion (D:5)
  2 water moccasin zombies (D:5)
  2 jellies
  2 hounds
  A centaur skeleton (D:6)
  Ijyb (D:4)
  3 orc wizards
  A killer bee zombie (D:5)
  A hound zombie (D:5)
  A hound skeleton (D:5)
  12 adders
  3 shadow imps
  A white imp (D:5)
  A worm (D:3)
  8 dart slugs
  14 orcs
  4 endoplasms
  5 giant cockroaches
  4 goblins
  5 hobgoblins
  9 jackals
  3 quokkas
  3 ball pythons
  3 bats
  A frilled lizard (D:3)
  5 kobolds
  5 rats
  A bush (D:5)
118 creatures vanquished.

Vanquished Creatures (others)
  3 bushes (D:5)
  11 plants (D:5)
14 creatures vanquished.

Grand Total: 132 creatures vanquished

Notes
Turn   | Place    | Note
-------+----------+-------------------------------------------
     0 | D:1      | 27snakeeyes612 the Octopode Fighter began the quest for the
                  | Orb.
     0 | D:1      | Reached XP level 1. HP: 16/16 MP: 1/1
   367 | D:1      | Reached XP level 2. HP: 8/21 MP: 2/2
   839 | D:1      | Found a faded altar of an unknown god.
   876 | D:2      | Reached XP level 3. HP: 10/26 MP: 3/3
  1258 | D:2      | Found a bloodstained altar of Trog.
  1272 | D:2      | Became a worshipper of Trog the Wrathful
  1549 | D:2      | Reached skill level 1 in Stealth
  1549 | D:2      | Reached XP level 4. HP: 28/31 MP: 4/4
  2012 | D:2      | Found a runed translucent door.
  2013 | D:2      | Noticed Crazy Yiuf
  2512 | D:2      | Reached skill level 2 in Stealth
  2512 | D:2      | Reached XP level 5. HP: 37/37 MP: 5/5
  2698 | D:3      | Found a snail-covered altar of Cheibriados.
  2726 | D:3      | Reached * piety under Trog
  3304 | D:4      | Reached XP level 6. HP: 43/43 MP: 6/6
  3533 | D:4      | Reached skill level 3 in Stealth
  3730 | D:4      | Found Hoithuss's Distillery.
  3774 | D:4      | Found a staircase to the Ecumenical Temple.
  3780 | D:4      | Found Hiceaq's Antique Weapon Emporium.
  3962 | D:4      | Found an ornate altar of the Wu Jian Council.
  4117 | D:5      | Entered Level 5 of the Dungeon
  4207 | D:5      | Noticed Ijyb
  4317 | D:4      | Killed Ijyb
  4370 | D:5      | Noticed Eustachio
  4373 | D:5      | Reached XP level 7. HP: 39/49 MP: 7/7
  4376 | D:5      | Reached skill level 4 in Stealth
  4658 | D:5      | Killed Eustachio
  4842 | D:5      | Reached ** piety under Trog
  5464 | D:5      | Found a blossoming altar of Fedhas.
  5533 | D:5      | Reached skill level 5 in Dodging
  5533 | D:5      | Reached skill level 5 in Stealth
  5533 | D:5      | Reached skill level 5 in Shields
  5533 | D:5      | Reached XP level 8. HP: 53/54 MP: 8/8
  5537 | D:5      | Reached skill level 5 in Fighting
  5618 | D:6      | Noticed a troll
  5627 | D:6      | Killed a troll
  5628 | D:6      | Reached skill level 5 in Axes
  5628 | D:6      | Reached skill level 6 in Stealth
  5930 | D:6      | Reached XP level 9. HP: 60/62 MP: 9/9
  5945 | D:6      | Reached skill level 7 in Stealth
  6134 | D:6      | Found an opulent altar of Gozag.
  6361 | D:6      | Found a runed translucent door.
  6361 | D:6      | Found a shimmering altar of Xom.
  6361 | D:6      | Noticed Gilette's ghost (novice HOMo)
  6361 | D:6      | Noticed a +4 scimitar of chaos
  6460 | D:6      | Noticed a troll
  6472 | D:6      | Noticed a komodo dragon
  6481 | D:6      | Killed a troll
  6489 | D:6      | Slain by a komodo dragon

Illustrated notes

Levels and vault maps discovered:
D:1:      dpeg_arrival_short_road, layout_basic,
          hellmonk_ecumenical_altar_inner_sanctum, chequers_decorated_corner
D:2:      layout_loops_ring, basic_altar, uniq_crazy_yiuf_cottage
D:3:      layout_basic, kennysheep_slug_shrine, serial_forest,
          infiniplex_forest_corner_1, infiniplex_forest_end_2,
          infiniplex_forest_clump_small, infiniplex_forest_corner_1,
          infiniplex_forest_fountain
D:4:      layout_basic, nzn_wu_jian_council_hall, minmay_temple_entry_offerings,
          serial_shops, nicolae_shop_statue_plus, shop, grunt_decor_junction
D:5:      layout_loops_cross, fedhas_altar_decomposition, uniq_ijyb,
          uniq_eustachio
D:6:      minmay_chambers_of_sixes, layout_loops_ring, kennysheep_little_box,
          ebering_ghost_xom, grunt_decor_mini_mirrors, grunt_tough_drop

Skill      XL: |  1  2  3  4  5  6  7  8  9 |
---------------+----------------------------+-----
Stealth        | 1 2 3 5 6 7 |  7.5
Axes           | 3 4 5 |  5.8
Dodging        | 4 5 6 |  6.3
Shields        | 4 5 6 |  6.3
Fighting       | 4 5 6 |  6.2

Action                   |  1- 3 |  4- 6 |  7- 9 || total
-------------------------+-------+-------+-------++-------
Melee: War axe           |    48 |   122 |   111 ||   281
       Constrict         |    12 |    30 |    18 ||    60
       Tentacles         |     6 |    19 |    28 ||    53
Invok: Berserk           |       |     2 |     8 ||    10
  Use: Scroll            |       |     8 |     1 ||     9
 Stab: Sleeping          |     5 |     8 |     2 ||    15
       Distracted        |       |     1 |     1 ||     2
Armor: Skin              |     6 |    12 |     4 ||    22
Dodge: Dodged            |    20 |    34 |    40 ||    94
Block: Kite shield       |    21 |    89 |    90 ||   200

Table legend: (Time is in decaauts)
 A = Elapsed time spent in this place.
 B = Non-inter-level travel time spent in this place.
 C = Inter-level travel time spent in this place.
 D = Time resting spent in this place.
 E = Time spent auto-exploring this place.
 F = Levels seen in this place.
 G = Mean time per level.
                   A        B        C        D        E       F      G
               +--------+--------+--------+--------+--------+-----+--------+
         Total |   6742 |   6550 |    192 |   1012 |   4586 |   6 | 1123.7 |
       Dungeon |   6742 |   6550 |    192 |   1012 |   4586 |   6 | 1123.7 |
               +--------+--------+--------+--------+--------+-----+--------+

Top non-repeatable levels by time:
     D:2: 1672 daAuts
     D:4: 1369 daAuts
     D:5: 1150 daAuts
     D:6: 922 daAuts
     D:1: 869 daAuts
     D:3: 758 daAuts
